 Dungeon Crawl Stone Soup version 0.30-a0-46-g5a63ccc183 (webtiles) character file.

Game seed: 2241183315795780211

564 ytrimaz the Chopper (level 7, -3/55 HPs)
             Began as a Demonspawn Fighter on Sept 2, 2022.
             Slain by an ice beast (13 damage)
             ... on level 5 of the Dungeon.
             The game lasted 00:02:40 (2179 turns).

ytrimaz the Chopper (Demonspawn Fighter)            Turns: 2179, Time: 00:02:41

Health: -3/55      AC:  8    Str: 19    XL:     7   Next: 10%
Magic:  7/7        EV: 10    Int:  9    God:
Gold:   192        SH: 12    Dex: 12    Spells: 6/6 levels left

rFire   . . .      SeeInvis .    a - +0 war axe (venom) {axe}
rCold   . . .      Faith    .    j - +2 buckler
rNeg    . . .      Spirit   .    b - +0 scale mail
rPois   .          Reflect  +    (no helmet)
rElec   .          Harm     .    p - +0 cloak
rCorr   .          Rampage  .    (no gloves)
Will    .....                    t - +0 pair of boots
Stlth   +.........               h - amulet of reflection
HPRegen 0.18/turn                (no ring)
MPRegen 0.20/turn                (no ring)

@: no status effects
A: foul stench 1, magic regeneration, sturdy frame 2
a: no special abilities


You were on level 5 of the Dungeon.
You visited 1 branch of the dungeon, and saw 4 of its levels.

You collected 192 gold pieces.


Innate Abilities, Weirdness & Mutations

You may rarely emit foul miasma when damaged in melee.
You regenerate magic rapidly.
Your movements are less encumbered by armour. (ER -4)


   Skills:
 + Level 4.6 Fighting
 + Level 5.5 Axes
 - Level 2.6 Armour
 - Level 4.0 Shields


You had 6 spell levels left.
You didn't know any spells.
Your spell library was empty.

Inventory:

Hand Weapons
 a - a +0 war axe of venom (weapon) {axe}
Missiles
 g - 25 stones (quivered) {throwing}
 k - 12 poisoned darts {throwing}
Armour
 b - a +0 scale mail (worn)
 j - a +2 buckler (worn)
   (You found it on level 1 of the Dungeon)
 p - a +0 cloak (worn)
   (You found it on level 2 of the Dungeon)
 t - a +0 pair of boots (worn)
   (You found it on level 5 of the Dungeon)
Magical Staves
 f - a staff of poison {!astaff}
   (You took it off a centaur on level 5 of the Dungeon)
Jewellery
 h - an amulet of reflection (around neck)
   (You found it on level 1 of the Dungeon)
Scrolls
 l - 2 scrolls of teleportation {unknown}
 m - a scroll of magic mapping {unknown}
 o - a scroll of noise {unknown}
 r - a scroll of immolation {unknown}
 s - 3 scrolls of identify {unknown}
Potions
 c - a potion of attraction {unknown}
 d - a potion of curing {unknown}
 e - a potion of invisibility {unknown}
 i - a potion of flight
 n - a potion of lignification {unknown}
 q - a potion of might

Dungeon Overview and Level Annotations

Branches:
Dungeon (3/15) Zot: 21771

Altars:
Cheibriados

Shops:
D:2

* #.........##....
##........###....
###.........# ##...
##..........## ##..
#..........## #...
##..........# #....
#..........## #......
#..........#.........
###.@Y..............#
#<.#####.........#
#.## #...... #.#
#..#.. #. ..... #.
.... #. ... #. ...


You could see an ice beast (poisoned).


Message History

Unknown command.
Unknown command.
You start resting.
You float gracefully downwards. 😨 HP[+1]
You start resting.
Unknown command. 😮 HP[+24]
You regained 24 hp, and now have 40/55 hp.
You start resting. 😎 HP[+15]
Your hp is fully restored (55).
You start waiting.
Unknown command.
f - a staff of poison {!astaff};
s - 3 scrolls labelled GUECIQO ARYL You now have 176 gold pieces (gained 26).
Things that are here:
a +0 shortbow {bow}; a centaur skeleton Key pressed, stopping explore.
Unknown command.
You now have 192 gold pieces (gained 16).
t - a +0 pair of boots
g - 25 stones {throwing} (gained 5) Key pressed, stopping explore.
An iguana comes into view.
The iguana hisses angrily.
Unknown command.
You block the iguana's attack.
You slash the iguana!
The iguana is poisoned.
You block the iguana's attack.
You hit the iguana.
The iguana looks as sick as possible!
The iguana bites you. 😕 HP[-1]
You take 1 damage, and now have 54/55 hp.
Unknown command.
You hit the iguana.
You kill the iguana!
No target in view!
Unknown command.
No target in view!
You see here a +0 leather armour.
Key pressed, stopping explore.
Key pressed, stopping explore.
Unknown command. 😎 HP[+1]
Your hp is fully restored (55).
An adder comes into view.
Unknown command.
You block the adder's attack. x2
You barely miss the adder. You block the adder's attack.
You closely miss the adder.
The adder bites you but does no damage. x2
The adder attacks as you move away! You block the adder's attack.
You slash the adder!
You kill the adder!
No target in view!
Unknown command.
Search for what [Enter for "armor", or ? for help]? boot You start putting on your armour.
You continue putting on your +0 pair of boots. x4
You finish putting on your +0 pair of boots.
Unknown command.
Found a stone staircase leading up.
An ice beast comes into view.
No target in view!
You closely miss the ice beast.
The ice beast hits you but does no damage.
You hit the ice beast. The ice beast hits you.
The ice beast freezes you! 😕 HP[-12]
You take 12 damage, and now have 43/55 hp.
MASSIVE DAMAGE!! (PAUSE)
You hit the ice beast.
The ice beast is poisoned.
The ice beast hits you. The ice beast freezes you! The ice beast hits you.
* * * LOW HITPOINT WARNING * * *
The ice beast freezes you.
* * * LOW HITPOINT WARNING * * *
You are too injured to fight recklessly! 😨 HP[-23]
You take 23 damage, and now have 20/55 hp.
MASSIVE DAMAGE!! (PAUSE)
You are too injured to fight recklessly!
You hit the ice beast. The ice beast closely misses you.
Unknown command.
The ice beast attacks as you move away!
You block the ice beast's attack. 😨 HP[+1]
You hit the ice beast but do no damage. You block the ice beast's attack.
Unknown command.
You barely miss the ice beast. The ice beast hits you.
* * * LOW HITPOINT WARNING * * *
The ice beast freezes you.
* * * LOW HITPOINT WARNING * * *
😱 HP[-8]
You take 8 damage, and now have 13/55 hp.
Unknown command.
Unknown command.
The ice beast attacks as you move away!
The ice beast hits you but does no damage.
You closely miss the ice beast.
The ice beast hits you but does no damage.
The ice beast hits you.
* * * LOW HITPOINT WARNING * * *
The ice beast freezes you!
You die...

Skill      XL: |  1  2  3  4  5  6 |
---------------+-------------------+-----
Axes           | 2 4 5 |  5.5
Shields        | 3 4 |  4.0
Fighting       | 4 |  4.6
Armour         | |  2.6

Action                   |  1- 3 |  4- 6 |  7- 9 || total
-------------------------+-------+-------+-------++-------
Melee: War axe           |    56 |    68 |    13 ||   137
  Use: Potion            |     1 |       |     3 ||     4
       Scroll            |     1 |       |       ||     1
Armor: Scale mail        |    31 |    15 |     5 ||    51
Dodge: Dodged            |    28 |    25 |     1 ||    54
Block: Buckler           |    28 |    42 |     8 ||    78
       Reflection        |       |     4 |       ||     4

Levels and vault maps discovered:
D:1:      ebering_hopf_link, layout_rooms,
          shapermc_ecumenical_altar_totnotflames, serial_aquarium,
          aquarium_bridge_square [aquarium_subvault_bridge,
          aquarium_subvault_bridge, aquarium_subvault_bridge,
          aquarium_subvault_window], aquarium_window_2, aquarium_window_double,
          aquarium_window_1, aquarium_window_fake, aquarium_view_2f,
          aquarium_view_2a, aquarium_balcony_1b
D:2:      layout_basic, serial_shops, nicolae_shop_trees, basic_altar,
          grunt_ministairs_1, uniq_natasha, uniq_sigmund, uniq_jessica
D:3:      layout_basic, nicolae_overflow_ecumenical_swirl, serial_corexii_hall,
          chequers_hall_statues_wall_a, corexii_hall_statues_x,
          uniq_crazy_yiuf_cottage, uniq_terence
D:5:      layout_layer_cave, dreamdust_princess_bridge

Notes
Turn   | Place    | Note
-------+----------+-------------------------------------------
     0 | D:1      | ytrimaz the Demonspawn Fighter began the quest for the Orb.
     0 | D:1      | Reached XP level 1. HP: 18/18 MP: 1/1
     0 | D:1      | magus.rc [v1.9.6]
    17 | D:1      | Reached skill level 2 in Axes
   128 | D:1      | Reached skill level 3 in Shields
   128 | D:1      | Gained mutation: You may rarely emit foul miasma when
                  | damaged in melee. [demonic ancestry]
   128 | D:1      | Reached XP level 2. HP: 21/24 MP: 2/2
   399 | D:1      | Found a faded altar of an unknown god.
   739 | D:2      | Noticed Sigmund
   744 | D:2      | Gained mutation: Your movements are slightly less
                  | encumbered by armour. (ER -2) [demonic ancestry]
   744 | D:2      | Reached XP level 3. HP: 20/29 MP: 3/3
   748 | D:2      | Killed Sigmund
   749 | D:2      | Reached skill level 4 in Axes
   749 | D:2      | Reached skill level 4 in Shields
   749 | D:2      | Gained mutation: You regenerate magic rapidly. [demonic
                  | ancestry]
   749 | D:2      | Reached XP level 4. HP: 21/35 MP: 4/4
   749 | D:2      | Reached XP level 5. HP: 25/41 MP: 5/5
   916 | D:2      | Found Wubaqunu's Assorted Antiques.
  1143 | D:2      | Found a snail-covered altar of Cheibriados.
  1171 | D:2      | Noticed Jessica
  1177 | D:2      | Killed Jessica
  1468 | D:3      | You fall into a shaft and drop 2 floors!
  1468 | D:5      | Entered Level 5 of the Dungeon
  1492 | D:5      | Identified the +9 mace of Melee {holy, rC- Str+4 Int+3}
  1494 | D:5      | Noticed a phantom
  1508 | D:5      | Killed a phantom
  1509 | D:5      | Gained mutation: Your movements are less encumbered by
                  | armour. (ER -4) [demonic ancestry]
  1509 | D:5      | Reached XP level 6. HP: 47/47 MP: 6/6
  1517 | D:5      | Reached skill level 5 in Axes
  1694 | D:5      | Noticed a water moccasin
  1700 | D:5      | Reached skill level 4 in Fighting
  1701 | D:5      | HP: 9/48 [poisoned by a water moccasin]
  1701 | D:5      | Killed a water moccasin
  1702 | D:5      | Reached XP level 7. HP: 8/55 MP: 7/7
  1702 | D:5      | HP: 2/55 [poisoned by a water moccasin]
  1714 | D:5      | HP: 13/55 [poisoned by a water moccasin]
  2177 | D:5      | HP: 13/55 [ice beast (6)]
  2179 | D:5      | Slain by an ice beast

Vanquished Creatures
  Sigmund (D:2)
  A water moccasin (D:5)
  A centaur (D:5)
  A phantom (D:5)
  An iguana (D:5)
  Jessica (D:2)
  An orc wizard (D:5)
  3 adders
  3 dart slugs (D:1)
  4 orcs
  3 endoplasms
  A giant cockroach (D:2)
  4 goblins (D:2)
  5 hobgoblins
  4 jackals (D:1)
  3 quokkas
  A ball python (D:2)
  3 bats (D:1)
  2 frilled lizards
  4 kobolds
  4 rats
51 creatures vanquished.

Table legend:
 A = Non-vault XP
 B = Vault XP
 C = Vault XP percentage of total XP
 D = Non-vault monster count
 E = Vault monster count
 F = Vault count percentage of total count
                 A         B        C        D         E       F
            +---------+---------+-------+---------+---------+-------
      Total |     541 |     265 |  32.9 |      47 |       4 |   7.8
            +---------+---------+-------+---------+---------+-------
        D:1 |      39 |       0 |   0.0 |      19 |       0 |   0.0
        D:2 |      44 |     265 |  85.8 |      18 |       4 |  18.2
        D:3 |       2 |       0 |   0.0 |       1 |       0 |   0.0
        D:5 |     456 |       0 |   0.0 |       9 |       0 |   0.0
            +---------+---------+-------+---------+---------+-------

Illustrated notes

Table legend:
 A = Kills in this place as a percentage of kills in entire the game.
 B = Kills by you in this place as a percentage of kills by you in the entire game.
 C = Kills by friends in this place as a percentage of kills by friends in the entire game.
 D = Other kills in this place as a percentage of other kills in the entire game.
 E = Experience gained in this place as a percentage of experience gained in the entire game.
 F = Experience gained in this place divided by the number of levels of this place that you have seen.
                   A       B       C       D       E      F
               +-------+-------+-------+-------+-------+----------------------
         Total | 100.0 | 100.0 |   N/A |   N/A | 100.0 | 201.5
       Dungeon | 100.0 | 100.0 |   N/A |   N/A | 100.0 | 201.5
               +-------+-------+-------+-------+-------+----------------------

Table legend: (Time is in decaauts)
 A = Elapsed time spent in this place.
 B = Non-inter-level travel time spent in this place.
 C = Inter-level travel time spent in this place.
 D = Time resting spent in this place.
 E = Time spent auto-exploring this place.
 F = Levels seen in this place.
 G = Mean time per level.
                   A        B        C        D        E       F      G
               +--------+--------+--------+--------+--------+-----+--------+
         Total |   2227 |   2188 |     39 |    301 |   1462 |   4 |  556.8 |
       Dungeon |   2227 |   2188 |     39 |    301 |   1462 |   4 |  556.8 |
               +--------+--------+--------+--------+--------+-----+--------+

Top non-repeatable levels by time:
     D:1: 760 daAuts
     D:5: 722 daAuts
     D:2: 710 daAuts
     D:3: 34 daAuts
